 Dungeon Crawl Stone Soup version 0.31-a0-795-g5eb97db20b (webtiles) character file.

Game seed: 14359081749336835922

11636 Newt the Thaumaturge (level 11, 0/77 HPs)
             Began as a Merfolk Gladiator on Sept 18, 2023.
             Was a Priest of Hepliaklqana.
             Slain by a catoblepas (24 damage)
             ... on level 10 of the Dungeon.
             The game lasted 00:12:09 (8604 turns).

Newt the Thaumaturge (Merfolk Gladiator)            Turns: 8604, Time: 00:12:10

Health: 0/77       AC:  6    Str: 19    XL:     11   Next: 80%
Magic:  27/27      EV: 17    Int: 13    God:    Hepliaklqana [***...]
Gold:   832        SH:  0    Dex: 20    Spells: 30/35 levels left

rFire   . . .        q - +10 trident of Disarray {venom, rPois rC+ Dex+4}
rCold   + . .        (no shield)
rNeg    . . .        f - +0 troll leather armour {Pargi}
rPois   +            L - +0 hat {Will+}
rElec   .            (no cloak)
rCorr   .            i - +2 pair of gloves
SInv    .            (no boots)
Will    ++...        I - amulet of magic regeneration
Stlth   +            j - ring of willpower
HPRegen 1.12/turn    F - +6 ring of intelligence
MPRegen 0.60/turn

%: no passive effects
@: no status effects
A: reduced essence, (nimble swimmer 2), mertail
a: Renounce Religion, Recall Ancestor, Ancestor Identity, Transference


You were on level 10 of the Dungeon.
You worshipped Hepliaklqana.
Hepliaklqana was most pleased with you.
You visited 2 branches of the dungeon, and saw 11 of its levels.
You also visited: Ossuary.

You collected 1752 gold pieces.
You spent 920 gold pieces at shops.

Inventory:

Hand Weapons
 a - a +1 vampiric trident
 q - the +10 trident of Disarray (weapon) {venom, rPois rC+ Dex+4}
   (You found it on level 5 of the Dungeon)

   Dex+4:     It affects your dexterity (+4).
   rC+:       It protects you from cold.
   rPois:     It protects you from poison
Missiles
 d - 5 throwing nets
 e - 6 javelins
Armour
 b - a +0 leather armour
 c - a +0 helmet
 f - a +0 troll leather armour (worn) {Pargi}
 i - a +2 pair of gloves (worn)
 L - a +0 hat of willpower (worn)
Jewellery
 j - a ring of willpower (left hand)
 k - a ring of magical power
 t - a ring of flight
 F - a +6 ring of intelligence (right hand)
 I - an amulet of magic regeneration (around neck)
Wands
 v - a wand of light (10)
 A - a wand of paralysis (7)
 K - a wand of flame (11)
 N - a wand of roots (6)
Scrolls
 g - 6 scrolls of teleportation
 w - 2 scrolls of amnesia
 x - a scroll of vulnerability {unknown}
 y - a scroll of fog {unknown}
 B - 2 scrolls of poison
 C - a scroll of fear
 G - a scroll of enchant weapon
 H - a scroll of brand weapon
 M - a scroll of silence {unknown}
Potions
 h - 3 potions of brilliance
 l - 4 potions of enlightenment
 m - 3 potions of cancellation
 o - 3 potions of lignification
 p - 5 potions of curing
 r - a potion of degeneration
 s - a potion of might
 u - 3 potions of ambrosia
 z - 3 potions of invisibility
 D - a potion of haste {unknown}
 E - a potion of experience {unknown}
 J - a potion of resistance {unknown}
 O - a potion of attraction {unknown}


   Skills:
 - Level 8.0 Fighting
 - Level 9.0 Polearms
 - Level 2.0 Throwing
 - Level 8.0 Dodging
 + Level 12.9 Spellcasting
 - Level 5.0 Hexes
 - Level 10.0 Summonings


You had 30 spell levels left.
You knew the following spells:

 Your Spells              Type           Power      Damage    Failure   Level
a - Summon Mana Viper     Hex/Summ       28%        N/A       12%         5

Your spell library contained the following spells:

 Spells                   Type           Power      Damage    Failure   Level
 Slow                     Hex            84%        N/A       1%          1
 Confusing Touch          Hex            21%        N/A       3%          3
 Sigil of Binding         Hex            21%        N/A       3%          3
 Ensorcelled Hibernation  Hex/Ice        30%        N/A       5%          2
 Kiss of Death            Conj/Necr      32%        2d7       10%         1
 Magic Dart               Conj           32%        1d4       10%         1
 Passwall                 Tmut/Erth      6%         N/A       16%         2
 Searing Ray              Conj           16%        2d5       16%         2
 Summon Cactus Giant      Summ           17%        N/A       24%         6
 Frozen Ramparts          Ice            16%        1d3       30%         3
 Swiftness                Air            8%         N/A       30%         3
 Vampiric Draining        Necr           8%         2d6       30%         3
 Fulminant Prism          Conj/Hex       7%         3d7       34%         4
 Summon Forest            Summ/Tloc      10%        N/A       34%         5
 Metabolic Englaciation   Hex/Ice        7%         N/A       67%         5
 Dispel Undead            Necr           8%         3d8       69%         4
 Petrify                  Tmut/Erth      8%         N/A       69%         4


Dungeon Overview and Level Annotations

Branches:
Dungeon (10/15)            Temple (1/1) D:5            Lair (0/5) D:10
Ossuary (visited)
    Orc: D:9-12

Altars:
Ashenzari
Cheibriados
Dithmenos
Elyvilon
Fedhas
Gozag
Hepliaklqana
Kikubaaqudgha
Nemelex Xobeh
Okawaru
Qazlal
Ru
Sif Muna
Trog
Uskayaw
Vehumet
Wu Jian
Xom
Zin
The Shining One

Shops:
D:1 *   D:5 !   D:7 :*((

Annotations:
Temple 4 transporters


Innate Abilities, Weirdness & Mutations

Your life essence is reduced to manifest your ancestor. (-10% HP)
((You are very nimble when in or above water. (Stealth+, EV+, Speed+++)))
Your lower body shifts to a powerful aquatic tail in water.


Message History

You reach to attack!
You closely miss the orc knight.
The orc knight is severely wounded.
You reach to attack!
You hit the orc knight.
The orc knight is severely wounded.
You hit the orc knight.
The orc knight looks as sick as possible!
You punch the orc knight, but do no damage.
The orc knight is severely wounded.
The orc knight barely misses you.
You closely miss the orc knight.
The orc knight is almost dead.
You hit the orc knight.
The orc knight looks as sick as possible!
The orc knight is almost dead.
The orc knight hits you with a +2 heavy battleaxe!
You hit the orc knight.
The orc knight is almost dead.
Unknown command.
You hit the orc knight but do no damage.
The orc knight is almost dead.
You kill the orc knight!
You have finished your manual of Spellcasting and toss it away.
You puncture the catoblepas!
The catoblepas is lightly wounded.
The catoblepas gores you!!
You puncture the catoblepas!
The catoblepas is poisoned.
The catoblepas is moderately wounded.
The catoblepas gores you!!
* * * LOW HITPOINT WARNING * * *
You are too injured to fight recklessly!
Unknown command.
You hit the catoblepas.
The catoblepas looks as sick as possible!
The catoblepas is moderately wounded.
Unknown command.
You puncture the catoblepas!
The catoblepas looks as sick as possible!
The catoblepas is heavily wounded.
The catoblepas gores you!!
You die...

##.....#.......
##....#....... ####
##...#....... $~$
#...#....... # #.#
##...#...####
##y##.##.##.##...........
..HY.T§.T.§~##...........
##.##.##Y##!##...†.......
# ##@## #...††......
#.~.# ##...........
##.####..)))>......
#######'###.............
........................
.............#........##
.............#..........
.............#..........
.............#.........


You could see a catoblepas (extremely poisoned) and a troll.

Vanquished Creatures
  Gastronok (D:8)
  2 two-headed ogres
  Amaemon (D:8)
  A sixfirhy (D:9)
  Pikel (D:8)
  An orc knight (D:10)
  An orange demon (D:8)
  2 trolls (D:10)
  Grinder (D:3)
  2 hornets
  A wyvern (D:7)
  7 yaks (D:10)
  A vampire mosquito (D:10)
  A nameless horror (D:10)
  A water moccasin (D:7)
  Pargi (D:4)
  2 sky beasts
  An ice beast (D:7)
  An orc warrior (D:5)
  2 black bears
  2 ogres (D:5)
  2 wolves (D:10)
  5 centaurs
  2 kobold brigands
  A bullfrog (D:8)
  2 gnoll sergeants
  A scorpion (D:5)
  A wight (D:10)
  14 killer bees (D:9)
  7 howler monkeys
  5 electric eels (D:10)
  6 hounds
  4 orc priests
  A gnoll bouda (D:6)
  5 iguanas
  2 jellies
  A sleepcap (D:5)
  Jessica (D:3)
  6 orc wizards
  A statue (D:9)
  8 mummies (Ossuary)
  14 gnolls
  8 adders
  An ufetubus (D:4)
  A worm (D:2)
  52 orcs
  7 endoplasms
  5 giant cockroaches
  A gnoll zombie (Ossuary)
  5 goblins
  7 hobgoblins
  11 jackals
  19 kobolds
  7 quokkas
  13 ball pythons
  2 bats (D:1)
  3 frilled lizards
  A goblin zombie (D:6)
  2 hobgoblin zombies (Ossuary)
  2 kobold zombies (Ossuary)
  3 orc zombies (Ossuary)
  4 rats
  A rat zombie (D:6)
277 creatures vanquished.

Vanquished Creatures (collateral kills)
  A yak (D:10)
  A vampire mosquito (D:10)
  An orc warrior (D:10)
  A wolf (D:10)
  A centaur (D:9)
  A killer bee (D:9)
  A hound (D:10)
  An orc wizard (D:9)
  2 gnolls
  2 orcs (D:8)
  3 kobolds (D:8)
15 creatures vanquished.

Vanquished Creatures (others)
  2 knights
2 creatures vanquished.

Grand Total: 294 creatures vanquished

Notes
Turn   | Place    | Note
-------+----------+-------------------------------------------
     0 | D:1      | Newt the Merfolk Gladiator began the quest for the Orb.
     0 | D:1      | Reached XP level 1. HP: 16/16 MP: 1/1
   257 | D:1      | Reached XP level 2. HP: 17/23 MP: 2/2
   427 | D:1      | Found Akimir's General Store.
   505 | D:1      | Reached XP level 3. HP: 28/30 MP: 3/3
   849 | D:2      | Reached skill level 5 in Polearms
   849 | D:2      | Reached XP level 4. HP: 14/37 MP: 4/4
  1668 | D:3      | Identified a scroll of acquirement
  1668 | D:3      | Acquired a manual of Spellcasting
  1837 | D:3      | Noticed Grinder
  1854 | D:3      | Killed Grinder
  1855 | D:3      | Reached XP level 5. HP: 19/42 MP: 5/5
  1855 | D:3      | Reached XP level 6. HP: 22/48 MP: 6/6
  2042 | D:3      | Noticed Jessica
  2050 | D:3      | Killed Jessica
  2326 | D:3      | Found a large runed translucent door.
  2326 | D:3      | Found a large runed translucent door.
  2327 | D:3      | Found a shimmering altar of Xom.
  2623 | D:4      | Noticed Pargi
  2641 | D:4      | Killed Pargi
  2642 | D:4      | Reached skill level 5 in Dodging
  2642 | D:4      | Reached XP level 7. HP: 54/54 MP: 7/7
  2669 | D:5      | Entered Level 5 of the Dungeon
  2752 | D:5      | Found Eduohydion's Distillery.
  2767 | D:5      | Bought a potion of curing for 42 gold pieces
  2768 | D:5      | Identified the +10 trident of Disarray {venom, rPois rC+
                  | Dex+4}
  2780 | D:5      | Bought a potion of degeneration for 14 gold pieces
  2780 | D:5      | Bought a potion of might for 56 gold pieces
  3053 | D:4      | Reached XP level 8. HP: 55/60 MP: 8/8
  3167 | D:4      | Reached skill level 5 in Fighting
  3205 | D:4      | Found a sacrificial altar of Ru.
  3453 | D:5      | Found a staircase to the Ecumenical Temple.
  3559 | Temple   | Found a transporter.
  3559 | Temple   | Found a transporter.
  3559 | Temple   | Found a transporter.
  3559 | Temple   | Found a transporter.
  3559 | Temple   | Entered the Ecumenical Temple
  3577 | Temple   | Became a worshipper of Hepliaklqana the Forgotten
  3808 | D:5      | Found a glowing golden altar of the Shining One.
  3933 | D:5      | Reached skill level 2 in Spellcasting
  3994 | D:6      | Reached skill level 3 in Spellcasting
  3998 | D:6      | Reached XP level 9. HP: 66/74 MP: 12/14
  4003 | D:6      | Reached skill level 4 in Spellcasting
  4036 | D:6      | Reached skill level 5 in Spellcasting
  4142 | D:6      | Reached skill level 6 in Spellcasting
  4184 | D:6      | Noticed a two-headed ogre
  4195 | D:6      | Killed a two-headed ogre
  4196 | D:6      | Reached skill level 8 in Spellcasting
  4200 | D:6      | Found a sand-covered staircase.
  4207 | Ossuary  | Entered an ossuary
  4253 | Ossuary  | Reached skill level 9 in Spellcasting
  4285 | Ossuary  | Reached * piety under Hepliaklqana
  4395 | D:6      | Acquired 857 gold pieces
  4859 | D:7      | Reached skill level 10 in Spellcasting
  4888 | D:7      | Found Illaitzu's Book Shoppe.
  4889 | D:7      | Found Sygoud's General Store.
  4889 | D:7      | Found Bileo's Weapon Shoppe.
  4889 | D:7      | Found Vohigodd's Weapon Shoppe.
  4898 | D:7      | Bought a scroll of enchant weapon for 105 gold pieces
  4898 | D:7      | Bought a scroll of brand weapon for 133 gold pieces
  4936 | D:7      | Bought a book of the Wilderness for 570 gold pieces
  5027 | D:7      | Reached skill level 1 in Summonings
  5039 | D:7      | Reached XP level 10. HP: 60/72 MP: 24/24
  5658 | D:8      | Noticed Pikel
  5665 | D:8      | Killed Pikel
  5666 | D:8      | Reached skill level 5 in Summonings
  5719 | D:8      | Reached ** piety under Hepliaklqana
  5721 | D:8      | Remembered your ancestor Paullus as a knight
  5880 | D:8      | Noticed an orange demon
  5883 | D:8      | Noticed Amaemon
  5895 | D:8      | Killed Amaemon
  5899 | D:8      | Killed an orange demon
  5916 | D:8      | Learned a level 5 spell: Summon Mana Viper
  6144 | D:8      | Noticed Gastronok
  6162 | D:8      | Killed Gastronok
  6238 | D:8      | Found a sparkling altar of Nemelex Xobeh.
  6434 | D:9      | Noticed a two-headed ogre
  6439 | D:9      | Killed a two-headed ogre
  6440 | D:9      | Reached skill level 10 in Summonings
  6440 | D:9      | Reached XP level 11. HP: 77/77 MP: 25/25
  6607 | D:9      | Reached skill level 1 in Hexes
  6686 | D:9      | Found a radiant altar of Vehumet.
  6770 | D:9      | Found a runed translucent door.
  6824 | D:9      | Noticed a sixfirhy
  7099 | D:9      | Reached *** piety under Hepliaklqana
  7374 | D:9      | HP: 2/77 [sixfirhy (9)]
  7378 | D:9      | Killed a sixfirhy
  7654 | D:10     | Entered Level 10 of the Dungeon
  7695 | D:10     | Reached skill level 5 in Hexes
  7767 | D:10     | Found a staircase to the Lair.
  7900 | D:10     | Reached skill level 11 in Spellcasting
  8407 | D:10     | Reached skill level 12 in Spellcasting
  8572 | D:10     | Noticed an orc knight
  8572 | D:10     | Noticed a manticore
  8574 | D:10     | Noticed a catoblepas
  8600 | D:10     | Killed an orc knight
  8604 | D:10     | Slain by a catoblepas

Illustrated notes

Levels and vault maps discovered:
D:1:      ncdulo_wetmaze, layout_basic, serial_shops, shop
D:2:      layout_rooms
D:3:      due_chaos_kobolds, layout_loops_cross, mrwooster_statue_mirror,
          chequers_serial_rivers_room_b, uniq_grinder, uniq_jessica
D:4:      layout_rooms, nicolae_ru_sacrificial_ziggurat, uniq_pargi
D:5:      layout_rooms, amcnicky_altar_gilded,
          minmay_temple_entry_enclosed_plants, serial_shops, nicolae_shop_stone,
          guppyfry_early_orc_mine
D:6:      layout_cave_pools, enter_ossuary_4
D:7:      cheibrodos_two_vegetables, layout_basic, minmay_shop_grid_forest,
          st_stairs_5
D:8:      layout_loops_ring, kennysheep_mini, glass_columns_b, st_stairs_12,
          uniq_gastronok, uniq_pikel, uniq_amaemon
D:9:      cheibrodos_shockbox, layout_loops_corners, vehumet_statue,
          minmay_misc_feat_more_columns
D:10:     hangedman_cross_veins, layout_grid_maze,
          chequers_temple_overflow_minitemple, erik_lair_island
Temple:   hellmonk_temple_divided_pantheon

Skill      XL: |  1  2  3  4  5  6  7  8  9 10 11 |
---------------+----------------------------------+-----
Fighting       | 3 4 8 |  8.0
Polearms       | 5 8 9 |  9.0
Dodging        | 5 8 |  8.0
Spellcasting   | 3 10 12 | 12.9
Summonings     | 2 10 | 10.0
Hexes          | 5 |  5.0
Throwing       | |  2.0

Action                     |  1- 3 |  4- 6 |  7- 9 | 10-12 || total
---------------------------+-------+-------+-------+-------++-------
  Melee: Trident           |   126 |   161 |   283 |   277 ||   847
         Punch             |     4 |     3 |     3 |     3 ||    13
         Tailslap          |       |       |       |     1 ||     1
  Throw: Throwing net      |       |     1 |       |     2 ||     3
         Javelin           |       |       |       |     1 ||     1
   Cast: Summon Mana Viper |       |       |       |     4 ||     4
 Invoke: Recall Ancestor   |       |       |       |     1 ||     1
         Ancestor Life: Kn |       |       |       |     1 ||     1
  Evoke: Wand              |       |       |       |     1 ||     1
    Use: Scroll            |     3 |     5 |     7 |     1 ||    16
         Potion            |       |       |     1 |     1 ||     2
   Stab: Sleeping          |     2 |       |     2 |       ||     4
         Distracted        |       |       |     1 |     1 ||     2
         Petrified         |       |       |       |     5 ||     5
 Armour: Leather armour    |    83 |    74 |       |       ||   157
         Troll leather arm |       |       |   104 |   126 ||   230
  Dodge: Dodged            |    98 |    76 |   172 |   150 ||   496

Table legend: (Time is in decaauts)
 A = Elapsed time spent in this place.
 B = Non-inter-level travel time spent in this place.
 C = Inter-level travel time spent in this place.
 D = Time resting spent in this place.
 E = Time spent auto-exploring this place.
 F = Levels seen in this place.
 G = Mean time per level.
                   A        B        C        D        E       F      G
               +--------+--------+--------+--------+--------+-----+--------+
         Total |   8471 |   8164 |    307 |   1848 |   4756 |  12 |  705.9 |
       Dungeon |   8256 |   7968 |    288 |   1848 |   4647 |  10 |  825.6 |
        Temple |     36 |     18 |     18 |      0 |      0 |   1 |   36.0 |
       Ossuary |    178 |    178 |      0 |      0 |    109 |   1 |  178.0 |
               +--------+--------+--------+--------+--------+-----+--------+

Top non-repeatable levels by time:
     D:9: 1232 daAuts
     D:1: 994 daAuts
     D:3: 917 daAuts
    D:10: 916 daAuts
     D:7: 911 daAuts
     D:5: 800 daAuts
     D:8: 760 daAuts
     D:2: 673 daAuts
     D:6: 528 daAuts
     D:4: 520 daAuts
 Ossuary: 178 daAuts
  Temple: 36 daAuts
